 Seeded DCSS version 0.28-a0-1286-g6bde065e89 (webtiles) character file.

Game seed: 20211227 (custom seed)

44 a11behringer the Cudgeller (level 3, 0/24 HPs)
             Began as a Gargoyle Berserker on Dec 27, 2021.
             Was a Believer of Trog.
             Killed from afar by Sigmund (6 damage)
             ... with a puff of flame
             ... on level 2 of the Dungeon.
             The game lasted 00:02:56 (1697 turns).

a11behringer the Cudgeller (Gargoyle Berserker)     Turns: 1697, Time: 00:02:57

Health: 0/24       AC:  9    Str: 22    XL:     3   Next: 60%
Magic:  3/3        EV: 11    Int:  7    God:    Trog [**....]
Gold:   28         SH:  0    Dex:  9    Spells: 2/2 levels left

rFire   . . .      SeeInvis .   a - +0 mace
rCold   . . .      Faith    .   (no shield)
rNeg    + . .      Spirit   .   j - +0 ring mail
rPois   ∞          Reflect  .   (no helmet)
rElec   +          Harm     .   (no cloak)
rCorr   .          Rampage  .   c - +0 pair of gloves
Will    .....                   (no boots)
Stlth   ..........              (no amulet)
HPRegen 0.08/turn               (no ring)
MPRegen 0.08/turn               (no ring)

@: on berserk cooldown, slowed, very slow
A: sickness immunity, AC +3, negative energy resistance 1, electricity
resistance, torment resistance 1, petrification resistance
a: Renounce Religion, Berserk, Trog's Hand


You were on level 2 of the Dungeon.
You worshipped Trog.
Trog was pleased with you.
You visited 1 branch of the dungeon, and saw 2 of its levels.

You collected 28 gold pieces.

Inventory:

Hand Weapons
 a - a +0 mace (weapon)
Missiles
 g - 41 bolts
 m - 18 arrows
Armour
 b - a +0 animal skin
 c - a +0 pair of gloves (worn)
 e - a +0 leather armour
 j - a +0 ring mail (worn)
Scrolls
 d - a scroll of noise {unknown}
 f - a scroll of immolation {unknown}
 i - a scroll of silence {unknown}
 k - a scroll of fog {unknown}
Potions
 h - a potion of curing {unknown}
 l - a potion of attraction {unknown}


   Skills:
 + Level 3.6 Fighting
 * Level 4.0 Maces & Flails
 + Level 2.3 Armour
 + Level 1.8 Dodging


You had 2 spell levels left.
You didn't know any spells.
Your spell library was empty.

Dungeon Overview and Level Annotations

Branches:
Dungeon (2/15)

Altars:

Annotations:
D:2 Sigmund


Innate Abilities, Weirdness & Mutations

You are immune to sickness and miasma.
Your stone body is resilient. (AC +3)
You are immune to poison.
You resist negative energy. (rN+)
You are resistant to electric shocks. (rElec)
You are resistant to unholy torment.
You are immune to petrification.


Message History

Sigmund flickers and vanishes!
Deactivating autopickup; reactivate with Ctrl-A.
You miss something.
You hear some strange, mumbled words.
A puff of flame appears from out of thin air!
The puff of flame misses you.
You miss something.
You hear some strange, mumbled words.
A magic dart appears from out of thin air!
The magic dart hits you!
You closely miss something. You miss something.
Something hits you but does no damage.
You miss something. You closely miss something. Something hits you!
You hit something. You hit something. Something hits you.
You closely miss something. You completely miss something.
You hear some strange, mumbled words.
A magic dart appears from out of thin air!
The magic dart hits you.
You barely miss something.
You are no longer berserk.
You are exhausted.
You feel yourself slow down. Something hits you but does no damage.
You sock something!
You feel the effects of Trog's Hand fading.
Something hits you but does no damage.
You miss something. Something hits you.
You closely miss something. Something hits you.
You sock something! Something hits you but does no damage. Something hits you!
You barely miss something.
Your skin stops crawling.
You feel less strong-willed. Something hits you.
* * * LOW HITPOINT WARNING * * *
You barely miss something.
You hear some strange, mumbled words.
A puff of flame appears from out of thin air!
The puff of flame hits you.
You die...

.......).....##.....†.....
####......)...........#..#
...#.........##....##...
####.........###.#..#....
#.<.........#...#.......
..#####.#.....######.##.
#.#...### #.# . ##.#...#
..# . #.@###.# #.{# #..#
#..# ##..# ##.# #..# #.#
#.# #!. .. #.. ...


There were no monsters in sight!

Vanquished Creatures
  An adder (D:2)
  A dart slug (D:1)
  2 ball pythons
  3 endoplasms (D:1)
  A giant cockroach (D:2)
  2 goblins
  8 hobgoblins
  A quokka (D:2)
  3 bats
  A frilled lizard (D:2)
  3 kobolds (D:1)
  4 rats
30 creatures vanquished.

Notes
Turn   | Place    | Note
-------+----------+-------------------------------------------
     0 | D:1      | a11behringer the Gargoyle Berserker began the quest for the
                  | Orb.
     0 | D:1      | Reached XP level 1. HP: 14/14 MP: 1/1
   105 | D:1      | HP: 1/21 [endoplasm (2)]
   455 | D:1      | Reached XP level 2. HP: 17/19 MP: 2/2
   907 | D:1      | Found a faded altar of an unknown god.
  1238 | D:1      | Reached XP level 3. HP: 23/23 MP: 3/3
  1515 | D:2      | Reached ** piety under Trog
  1533 | D:2      | Reached skill level 4 in Maces & Flails
  1676 | D:2      | Noticed Sigmund
  1697 | D:2      | Killed from afar by Sigmund

Illustrated notes

Levels and vault maps discovered:
D:1:      minmay_arrival_pointy, layout_rooms,
          dreamdust_ecumenical_altar_statues, bh_walls_and_bars
D:2:      minmay_angry_zag, layout_rooms,
          nicolae_concentric_dashed_squares_wild, uniq_natasha, uniq_sigmund

Skill      XL: |  1  2  3 |
---------------+----------+-----
Maces & Flails | 4 |  4.0
Fighting       | |  3.6
Armour         | |  2.3
Dodging        | |  1.8

Action                   || total
-------------------------++-------
Melee: Mace              ||   107
Invok: Berserk           ||     3
       Trog's Hand       ||     1
Armor: Animal skin       ||    19
       Leather armour    ||    16
       Ring mail         ||    17
Dodge: Dodged            ||    54

Table legend: (Time is in decaauts)
 A = Elapsed time spent in this place.
 B = Non-inter-level travel time spent in this place.
 C = Inter-level travel time spent in this place.
 D = Time resting spent in this place.
 E = Time spent auto-exploring this place.
 F = Levels seen in this place.
 G = Mean time per level.
                   A        B        C        D        E       F      G
               +--------+--------+--------+--------+--------+-----+--------+
         Total |   1742 |   1646 |     96 |      3 |   1385 |   2 |  871.0 |
       Dungeon |   1742 |   1646 |     96 |      3 |   1385 |   2 |  871.0 |
               +--------+--------+--------+--------+--------+-----+--------+

Top non-repeatable levels by time:
     D:1: 1502 daAuts
     D:2: 239 daAuts
